[Event "*** SCC Grand Prix: Titled Tuesday Blitz"]
[Site "Chess.com"]
[Date "2020.07.14"]
[Round "4"]
[White "stolencandy13"]
[Black "Nara_Kh"]
[Result "1-0"]
[WhiteElo "2439"]
[BlackElo "2262"]
[TimeControl "180+1"]
[EndTime "10:39:43 PDT"]
[Termination "stolencandy13 won on time"]

1. e4 c5 2. Nf3 d6 3. d4 Nf6 4. Nc3 cxd4 5. Nxd4 a6 6. h3 e5 7. Nde2 h5 8. g3 b5 9. Bg5 Bb7 10. Bg2 Nbd7 11. O-O Be7 12. Qd2 b4 13. Bxf6 Nxf6 14. Nd5 Bxd5 15. exd5 Qb6 16. Kh2 h4 17. g4 O-O 18. c4 bxc3 19. Nxc3 Rac8 20. Rac1 Rc4 21. b3 Rd4 22. Qe3 Qa5 23. f4 Nd7 24. f5 Nf6 25. g5 Nh5 26. f6 Bd8 27. Ne4 Nf4 28.
Rxf4 exf4 29. Qxd4 Qxa2 30. fxg7 Re8 31. Rf1 Re5 32.
Rxf4 Bxg5 33. Rg4 f6 34. Nxd6 Kxg7 35. Ne4 Kg6 36. Nxg5 Rxg5 37. Rxg5+ fxg5 38. d6 Qxb3 39. d7 Qb8+ 40. Kh1 Qb1+ 41. Qg1 Qd3 42. Qb6+ Kh5 43. Qc7 Qd1+ 44. Kh2 Qd4 45. d8=Q 1-0

[Event "*** SCC Grand Prix: Titled Tuesday Blitz"]
[Site "Chess.com"]
[Date "2020.07.14"]
[Round "4"]
[White "AurumO"]
[Black "ChronicUnhappiness"]
[Result "0-1"]
[WhiteElo "1979"]
[BlackElo "2351"]
[TimeControl "180+1"]
[EndTime "10:39:44 PDT"]
[Termination "ChronicUnhappiness won on time"]

1. e4 c5 2. c3 Nf6 3. e5 Nd5 4. Bc4 e6 5. Nf3 Nc6 6. d4 cxd4 7. cxd4 d6 8. exd6 Bxd6 9. Bxd5 exd5 10. Nc3 O-O 11.
O-O Bg4 12. Be3 Rc8 13. h3 Bh5 14. a3 Bb8 15. Rc1 Qd6 16. g3 Rfe8 17. Kg2 Re6 18. Bf4 Qd7 19. Bxb8 Rxb8 20. Qd3 Rf6 21. Ne5 Nxe5 22.
dxe5 Bf3+ 23. Qxf3 Rxf3 24. Kxf3 Qf5+ 25. Kg2 Qxe5 26.
Rfe1 Qf6 27. Rcd1 d4 28. Nd5 Qc6 29. Rxd4 h6 30. Red1 Re8 31. R1d2 a5 32. Kh2 Re5 33. Ne3 Re8 34. Rc2 Qf6 35. Rcd2 Qf3 36. R4d3 Kh7 37. b4 a4 38. b5 Qf6 39. Rd6 Qa1 40.
Rd1 Qxa3 41. b6 Qb4 0-1

[Event "*** SCC Grand Prix: Titled Tuesday Blitz"]
[Site "Chess.com"]
[Date "2020.07.14"]
[Round "4"]
[White "David_Paravyan"]
[Black "VladimirBelous"]
[Result "0-1"]
[WhiteElo "2935"]
[BlackElo "2742"]
[TimeControl "180+1"]
[EndTime "10:39:45 PDT"]
[Termination "VladimirBelous won by resignation"]

1. d4 Nf6 2. c4 g6 3. Nc3 Bg7 4. e4 d6 5. Be2 O-O 6. h3 a5 7. Be3 e5 8. d5 Na6 9. Nf3 Nc5 10. Nd2 Bd7 11. g4 c6 12. f3 a4 13.
h4 Qa5 14. a3 cxd5 15. cxd5 b5 16. h5 Rfc8 17. h6 Bf8 18. Kf1 Rab8 19. Na2 Na6 20.
Kg2 Rc7 21. Rc1 Rbc8 22. Rxc7 Rxc7 23. Bd3 b4 24. Bxa6 bxa3 25. Bd3 axb2 26. Nc4 Qb5 27. Nxe5 Qb7 28. Nxd7 Nxd7 29. Qxa4 Ne5 30. Be2 b1=Q 31.
Rxb1 Qxb1 32. Nb4 Qe1 33. Qa2 Qxb4 34. g5 Qc3 35. Kf2 Qc2 36. Qa6 Rc3 37. Bd4 Rxf3+ 38. Kg2 Qxe4 39. Bxf3 Qxf3+ 40. Kh2 Ng4+ 41. Kg1 Qxd5 42.
Qa1 Qxg5 43. Bh8 Qxh6 44. Kg2 Qh2+ 45. Kf3 Ne5+ 46. Bxe5 Qxe5 0-1

[Event "*** SCC Grand Prix: Titled Tuesday Blitz"]
[Site "Chess.com"]
[Date "2020.07.14"]
[Round "4"]
[White "IMHansNiemann"]
[Black "NikolaGry"]
[Result "0-1"]
[WhiteElo "2855"]
[BlackElo "2654"]
[TimeControl "180+1"]
[EndTime "10:39:45 PDT"]
[Termination "NikolaGry won by resignation"]

1. d4 d5 2. Nc3 Nf6 3. Bf4 c6 4. e3 Bf5 5. f3 e6 6. g4 Bg6 7. h4 h5 8. g5 Nfd7 9. Bd3 Bxd3 10.
Qxd3 g6 11. e4 Qa5 12. Ne2 Qa6 13. Qe3 Nb6 14. b3 N8d7 15. a4 dxe4 16. fxe4 e5 17. Bg3 Qa5 18. O-O-O O-O-O 19. dxe5 Ba3+ 20. Kb1 Nc4 21. Qf4 Ndxe5 22. Na2 Bd6 23. Qf2 Nd2+ 24.
Ka1 Nxe4 25. Qg2 Nxg3 26. Nxg3 Bc7 27. Ne4 Rd5 28. Nac3 Rxd1+ 29. Rxd1 b5 30. Kb1 b4 31. Ne2 Rd8 32. Rxd8+ Kxd8 33. Qf2 Qd5 34. N2g3 Qd1+ 35.
Kb2 Nd3+ 36. cxd3 Be5+ 37. d4 Bxd4+ 38. Qxd4+ Qxd4+ 39. Kc2 Qe3 40. Kb2 Qf4 41. Kc2 Qxh4 42. Kd3 Qf4 43. Ne2 Qf3+ 44. Kd4 Qxe2 0-1

[Event "*** SCC Grand Prix: Titled Tuesday Blitz"]
[Site "Chess.com"]
[Date "2020.07.14"]
[Round "4"]
[White "Chigorinetz"]
[Black "Zkid"]
[Result "0-1"]
[WhiteElo "2507"]
[BlackElo "2764"]
[TimeControl "180+1"]
[EndTime "10:39:45 PDT"]
[Termination "Zkid won on time"]

1. e4 c5 2. Nc3 Nc6 3. Nge2 e5 4.
Nd5 d6 5. Nec3 Nf6 6. Bc4 Nxd5 7.
Nxd5 Be7 8. d3 O-O 9. O-O Bg5 10. c3 Bxc1 11. Rxc1 Be6 12. Ne3 Ne7 13. d4 Bxc4 14.
Nxc4 b5 15. Ne3 Qb6 16. dxe5 dxe5 17. Qh5 Qe6 18. b3 a5 19. Rfd1 Rfd8 20. h3 h6 21. c4 b4 22. Rxd8+ Rxd8 23. Nd5 Nc6 24. Rd1 Nd4 25. Rd3 Kh7 26. Qh4 Rd6 27. Qh5 Qg6 28. Qxg6+ Rxg6 29. g3 Ra6 30. f4 a4 31. fxe5 axb3 32.
axb3 Ra2 33. Kf1 Rb2 34. Nxb4 Nxb3 35. Na6 Nd2+ 36. Kg1 Nxe4 37. Re3 Ng5 38. Nxc5 Nxh3+ 39. Kf1 Rc2 40. Re4 Ng5 41. Rf4 Kg6 42. Nd7 Ne6 43. Rh4 Kf5 44. Rh5+ Kg4 45. Rh4+ Kxg3 0-1

[Event "*** SCC Grand Prix: Titled Tuesday Blitz"]
[Site "Chess.com"]
[Date "2020.07.14"]
[Round "4"]
[White "JesseKraai"]
[Black "Zubrrr"]
[Result "0-1"]
[WhiteElo "2457"]
[BlackElo "2645"]
[TimeControl "180+1"]
[EndTime "10:39:45 PDT"]
[Termination "Zubrrr won by resignation"]

1. d4 f5 2. Bg5 g6 3. e3 Bg7 4. Nc3 h6 5. Bh4 Nf6 6. Bd3 d6 7. Nge2 e5 8. e4 g5 9. dxe5 dxe5 10. Bxg5 hxg5 11. exf5 Nc6 12. Ng3 Bd7 13. O-O Qe7 14. Nce4 Nxe4 15. Bxe4 O-O-O 16. c3 Kb8 17. Qe2 a6 18. Rad1 Na7 19. h3 Nb5 20. Qf3 Nd6 21.
Rxd6 cxd6 22. Bxb7 Bb5 23. Bd5 Bxf1 24. Kxf1 Rh4 25.
Ne4 Rf4 26. Qd3 Qa7 27. Qc4 Qb6 28. g4 Qb5 29. Qxb5+ axb5 30. Nxg5 Bf6 31. Ne6 Rh8 32. Kg2 Kc8 33. f3 Kd7 34. g5 Bxg5 35. Nxg5 Rxf5 36. Be6+ Ke7 37. Bxf5 Kf6 38. Ne4+ Kxf5 39. Nxd6+ Kf4 40. Nxb5 Rd8 41. a4 Rd2+ 42. Kf1 Kxf3 43. Ke1 Rxb2 44. Nd6 e4 45. a5 e3 0-1

[Event "*** SCC Grand Prix: Titled Tuesday Blitz"]
[Site "Chess.com"]
[Date "2020.07.14"]
[Round "4"]
[White "KetiGrant"]
[Black "TioCridineno"]
[Result "1-0"]
[WhiteElo "2395"]
[BlackElo "2152"]
[TimeControl "180+1"]
[EndTime "10:39:45 PDT"]
[Termination "KetiGrant won by resignation"]

1. e4 c5 2. Nf3 d6 3. d4 cxd4 4. Nxd4 Nf6 5. Nc3 a6 6. Be3 e5 7. Nb3 Be7 8. f3 Be6 9. Qd2 h5 10. O-O-O Nbd7 11. Bg5 Qc7 12. h4 Rc8 13. Kb1 b5 14.
Bd3 Nb6 15. Bxf6 gxf6 16. Ne2 Nc4 17. Bxc4 bxc4 18. Nbc1 Rb8 19. Nc3 Qa5 20. Nd5 Qxd2 21. Rxd2 f5 22. Ne2 fxe4 23. fxe4 Rg8 24. Nec3 Rg3 25.
Ka1 Kd7 26. a3 Rbg8 27. Nxe7 Kxe7 28. Rhd1 Rxg2 29. Rxd6 Rxc2 30. Rxa6 Rgg2 31. Ra7+ Kf8 32. Rb7 Rh2 33. a4 Rxh4 34. a5 Kg7 35. a6 Bc8 36.
Rb6 Bxa6 37. Rxa6 Rhh2 38. Rb6 h4 39. Rg1+ Kf8 40. Nd5 Ke8 41. Rb7 Rhg2 42. Rh1 Rg4 43. Nf6+ Kd8 44. Nxg4 Kc8 45. Rxf7 1-0

[Event "*** SCC Grand Prix: Titled Tuesday Blitz"]
[Site "Chess.com"]
[Date "2020.07.14"]
[Round "4"]
[White "artichaud"]
[Black "GMJustin"]
[Result "0-1"]
[WhiteElo "2045"]
[BlackElo "2288"]
[TimeControl "180+1"]
[EndTime "10:39:45 PDT"]
[Termination "GMJustin won on time"]

1. e4 e5 2. Nf3 Nc6 3. d3 Nf6 4.
c3 d5 5. Nbd2 a5 6. a4 Bc5 7. Be2 O-O 8. O-O Re8 9. Qc2 Nh5 10.
Re1 Nf4 11. Bf1 b6 12. exd5 Nxd5 13. Nc4 f6 14. Ne3 Be6 15. Bd2 Qd7 16. Rad1 Rad8 17. Bc1 Nf4 18. Nc4 Qf7 19. Bxf4 exf4 20. Ncd2 f5 21.
d4 Be7 22. Ne5 Nxe5 23. Rxe5 Bf6 24. Rxe6 Qxe6 25. Bc4 Rd5 26. Nf3 Qd7 27. Qb3 Rd8 28. Ne5 Qd6 29. Bxd5+ Qxd5 30. Qxd5+ Rxd5 31. Nd3 g5 32.
Re1 Kf8 33. Re6 Kf7 34. Rc6 Bd8 35. Ne5+ Ke8 36. Rh6 c5 37. Rxh7 cxd4 38. cxd4 Rxd4 39. h4 Rd1+ 40. Kh2 g4 0-1

[Event "*** SCC Grand Prix: Titled Tuesday Blitz"]
[Site "Chess.com"]
[Date "2020.07.14"]
[Round "4"]
[White "penguingm1"]
[Black "AvitalBor"]
[Result "1-0"]
[WhiteElo "2954"]
[BlackElo "2727"]
[TimeControl "180+1"]
[EndTime "10:39:46 PDT"]
[Termination "penguingm1 won on time"]

1. d4 Nf6 2. c4 e6 3. Nc3 d5 4.
cxd5 Nxd5 5. e4 Nxc3 6. bxc3 c5 7.
Nf3 cxd4 8. cxd4 Bb4+ 9. Bd2 Bxd2+ 10. Qxd2 O-O 11. Rc1 b6 12. Bd3 Bb7 13. O-O Nd7 14. Qf4 Nf6 15. h4 Rc8 16. Rxc8 Qxc8 17. Rc1 Qb8 18.
e5 Nd5 19. Qg4 Rc8 20. Re1 h6 21. Qe4 Nf6 22. Qf4 Nd5 23. Qe4 Nf6 24. Qf4 Rc3 25. Qd2 Nd5 26. Bb1 Qc7 27. Nh2 Qe7 28. Be4 Rc7 29.
g3 Qa3 30. Ng4 Qc3 31. Qd1 Kf8 32. Bb1 Nb4 33. Nh2 Nc2 34. Re2 Nxd4 35. Rd2 Rd7 36. Rd3 Qc6 37. f3 Nxf3+ 38. Nxf3 Qc5+ 39.
Kh2 1-0

[Event "*** SCC Grand Prix: Titled Tuesday Blitz"]
[Site "Chess.com"]
[Date "2020.07.14"]
[Round "4"]
[White "Vaathi_Coming"]
[Black "GukeshDommaraju"]
[Result "0-1"]
[WhiteElo "2916"]
[BlackElo "2720"]
[TimeControl "180+1"]
[EndTime "10:39:46 PDT"]
[Termination "GukeshDommaraju won on time"]

1. g3 Nf6 2. Bg2 d5 3. d4 g6 4. Nf3 Bg7 5. O-O O-O 6. c4 c6 7. b3 dxc4 8. bxc4 c5 9. Bb2 cxd4 10. Nxd4 Qb6 11. Qb3 Nfd7 12. e3 Nc6 13. Rd1 Na5 14.
Qc2 Nxc4 15. Qxc4 Qxb2 16. Nc3 Ne5 17. Qc7 Ng4 18. Ne4 Bxd4 19. exd4 Bf5 20. Qc3 Qxc3 21. Nxc3 Rac8 22. Rac1 Nf6 23. Bxb7 Rc7 24. Ba6 Bc8 25. Be2 Bh3 26. Nb5 Rd7 27. Bf3 a6 28.
Nc3 Rfd8 29. d5 Bg4 30. Bxg4 Nxg4 31. Rd4 Nf6 32. Rcd1 Kg7 33. Kg2 Rd6 34. h3 e6 35.
Ra4 exd5 36. Rad4 Rc6 37. R4d3 Rc5 38. Ne2 Ra5 0-1

[Event "*** SCC Grand Prix: Titled Tuesday Blitz"]
[Site "Chess.com"]
[Date "2020.07.14"]
[Round "4"]
[White "Igor_Lysyj"]
[Black "FMJoseHerrera"]
[Result "0-1"]
[WhiteElo "2800"]
[BlackElo "2495"]
[TimeControl "180+1"]
[EndTime "10:39:46 PDT"]
[Termination "FMJoseHerrera won by checkmate"]

1. d4 Nf6 2. c4 c5 3. d5 b5 4.
cxb5 a6 5. e3 axb5 6. Bxb5 Qa5+ 7. Nc3 Bb7 8. Bd2 Qb6 9. Nf3 Nxd5 10. a4 Nb4 11. O-O g6 12. e4 Bg7 13. Bg5 e6 14.
Nd2 O-O 15. Nc4 Qa7 16. e5 N8c6 17. Qxd7 Nxe5 18. Nxe5 Bxe5 19. Rfe1 Bg7 20. Rac1 Ba6 21. Qxa7 Rxa7 22. Red1 Bxb5 23. axb5 Rb7 24. Be3 c4 25. Rd6 Nd3 26. Rc2 Nxb2 27. b6 Nd3 28. g3 Nb4 29.
Rc1 Nd3 30. Rc2 Ra8 31. h4 Ra1+ 32. Kh2 Be5 33. Rd8+ Kg7 34. Ne4 h6 35. Rxc4 Ra2 36. Rcc8 Kh7 37. Nd6 Bxd6 38. Rxd6 Nxf2 39. Kg1 Ng4 40. Bd4 e5 41. Bc5 Rc2 42. Rdc6 Rc1+ 43.
Kg2 Rd7 44. Kf3 Nh2+ 45. Ke2 Rc2+ 46. Ke1 Nf3+ 47. Kf1 Rd1# 0-1

[Event "*** SCC Grand Prix: Titled Tuesday Blitz"]
[Site "Chess.com"]
[Date "2020.07.14"]
[Round "4"]
[White "DanielTitichoca"]
[Black "karinachess1"]
[Result "0-1"]
[WhiteElo "2332"]
[BlackElo "2514"]
[TimeControl "180+1"]
[EndTime "10:39:46 PDT"]
[Termination "karinachess1 won on time"]

1. d4 Nf6 2. Nf3 e6 3. Bf4 d5 4. e3 Bd6 5. Bg3 c5 6. c3 O-O 7. Nbd2 Qc7 8. Bd3 Nbd7 9. Qe2 e5 10. dxe5 Nxe5 11. Nxe5 Bxe5 12. Nf3 Bd6 13. O-O-O a6 14. Bh4 Be7 15. Bg3 Qa5 16. Kb1 b5 17. Ne5 Bb7 18. Bh4 Qc7 19. f4 b4 20. cxb4 cxb4 21. Rc1 Qd6 22.
Bg5 a5 23. Qf3 Ne4 24. Bxe7 Qxe7 25. Bxe4 dxe4 26. Qe2 f6 27. Ng4 Ba6 28. Qf2 Bd3+ 29. Ka1 a4 30. f5 a3 31. h4 b3 32. bxa3 h5 33. Qb2 hxg4 34. Qxb3+ Rf7 35. h5 Qe5+ 36. Qb2 Qxb2+ 37. Kxb2 Rb7+ 38. Ka1 Rxa3 39. h6 gxh6 40. Rxh6 Rba7 41. Rg6+ Kf7 42. Rc7+ Rxc7 0-1

[Event "*** SCC Grand Prix: Titled Tuesday Blitz"]
[Site "Chess.com"]
[Date "2020.07.14"]
[Round "4"]
[White "warmoatmeal"]
[Black "AttilaTurzo"]
[Result "1-0"]
[WhiteElo "2326"]
[BlackElo "2482"]
[TimeControl "180+1"]
[EndTime "10:39:46 PDT"]
[Termination "warmoatmeal won by resignation"]

1. Nf3 Nf6 2. d4 g6 3. c4 Bg7 4. Nc3 d5 5. Bf4 O-O 6. e3 c5 7. dxc5 Qa5 8. Rc1 Ne4 9. cxd5 Nxc3 10. bxc3 Bxc3+ 11. Nd2 Rd8 12. Bc4 Nd7 13. e4 Nxc5 14. O-O Bxd2 15. Bxd2 Qa4 16. Qxa4 Nxa4 17. Bb3 Nb6 18.
Ba5 e6 19. Bxb6 axb6 20. Rc7 exd5 21. Bxd5 Be6 22. Bxe6 fxe6 23. Rxb7 Rxa2 24. Rxb6 Re8 25. f3 Rc8 26. Kh1 Re8 27. h4 h5 28. Rd1 Kg7 29.
Rd7+ Kf6 30. Kh2 Rc8 31. Rdd6 Re8 32. Kg3 Ke5 33. Rd7 Ra3 34. Rb5+ Kf6 35. Rg5 e5 36. Rd6+ Ke7 37. Rgxg6 Rb8 38. Rge6+ Kf7 39. Rxe5 Rg8+ 40. Kh2 Ra2 41. Rg5 Rxg5 42. hxg5 h4 43. Rf6+ Kg7 44. Kh3 Kh7 45. f4 1-0

[Event "*** SCC Grand Prix: Titled Tuesday Blitz"]
[Site "Chess.com"]
[Date "2020.07.14"]
[Round "4"]
[White "Nastya_Rakhmangulova"]
[Black "ckgchess"]
[Result "0-1"]
[WhiteElo "2336"]
[BlackElo "2647"]
[TimeControl "180+1"]
[EndTime "10:39:46 PDT"]
[Termination "ckgchess won by resignation"]

1. e4 c5 2. Nf3 Nc6 3. d4 cxd4 4. Nxd4 Nf6 5. Nc3 e5 6. Ndb5 d6 7. Bg5 a6 8. Bxf6 gxf6 9. Na3 b5 10. Nd5 f5 11. Bxb5 axb5 12. Nxb5 Qa5+ 13. c3 Kd8 14.
Ndc7 Rb8 15. Qd5 Bd7 16. O-O-O Be7 17. Kb1 Rf8 18. exf5 Bxf5+ 19. Ka1 Bd7 20. Rhe1 Rb7 21. f4 Rxc7 22. Nxc7 Qxc7 23. fxe5 Nxe5 24. Qa8+ Qc8 25. Qa5+ Ke8 26. Rd4 f6 27. Rb4 Kf7 28. Qa7 Qa8 29. Qf2 Be6 30. a3 Rg8 31. Rf4 Rxg2 32. Qf1 Qb7 33. Rb4 Qf3 34. Qa6 Nd3 35. Rxe6 Qd1+ 36. Ka2 Nxb4+ 37. axb4 Qd5+ 38. Ka3 Qxe6 0-1

[Event "*** SCC Grand Prix: Titled Tuesday Blitz"]
[Site "Chess.com"]
[Date "2020.07.14"]
[Round "4"]
[White "HrvojeZagreb"]
[Black "Omk124"]
[Result "0-1"]
[WhiteElo "2099"]
[BlackElo "2367"]
[TimeControl "180+1"]
[EndTime "10:39:46 PDT"]
[Termination "Omk124 won on time"]

1. d4 Nf6 2. Bf4 g6 3. Nc3 d5 4. e3 Bg7 5. h4 c6 6. Bd3 Be6 7. Nf3 Bg4 8. Qd2 Nbd7 9. Ne5 Nxe5 10. Bxe5 h5 11. f3 Be6 12. O-O-O b5 13. e4 dxe4 14. Nxe4 O-O 15. Ng5 Bxa2 16. g4 hxg4 17. h5 gxh5 18. Nh7 Bd5 19. Qg5 Bxf3 20. Bxf6 exf6 21. Qxh5 Re8 22.
Nxf6+ Qxf6 23. Qh7+ Kf8 24. Rhf1 Qh6+ 25. Qxh6 Bxh6+ 26. Rd2 Bd1 27. Rxd1 Bxd2+ 28. Kxd2 g3 29. c3 Ke7 30. Rg1 Rg8 31. Be4 Rg4 32. Bxc6 Rh8 33. Bf3 Rg5 34. Kd3 Rh2 35. Bb7 Rxb2 36. Bc6 g2 37. d5 Rf2 38. d6+ Kxd6 39. Be4 Rf1 40.
Rxg2 Rxg2 41. Bxg2 Rf5 42. Be4 Re5 43. Bf3 f5 44. Kd4 f4 45. Bb7 Re3 46. Ba6 Kc6 0-1

[Event "*** SCC Grand Prix: Titled Tuesday Blitz"]
[Site "Chess.com"]
[Date "2020.07.14"]
[Round "4"]
[White "Fandorine"]
[Black "ChessLover0108"]
[Result "1-0"]
[WhiteElo "2953"]
[BlackElo "2678"]
[TimeControl "180+1"]
[EndTime "10:39:48 PDT"]
[Termination "Fandorine won on time"]

1. e4 c5 2. Nf3 d6 3. c3 Nf6 4. g3 g6 5. Bg2 Bg7 6. O-O O-O 7. Re1 Nc6 8. d3 Rb8 9. a4 b6 10. h3 Bb7 11. d4 Rc8 12. e5 dxe5 13. dxe5 Nd5 14. Nbd2 Nc7 15. h4 h5 16. Ng5 Na5 17.
Bxb7 Nxb7 18. Qf3 Qd5 19. Qxd5 Nxd5 20. Nc4 Nd8 21. Rd1 Nc7 22. f4 Nc6 23. Kg2 Rfd8 24. Be3 f6 25. exf6 exf6 26. Ne4 Rxd1 27. Rxd1 Rd8 28.
Rxd8+ Nxd8 29. f5 gxf5 30. Ned6 Nd5 31. Nxf5 Nc6 32. Bc1 Kf7 33. Kf3 Bf8 34. g4 hxg4+ 35. Kxg4 Nc7 36. h5 Ne6 37. Kf3 Nc7 38. Ke4 b5 39. axb5 Nxb5 40. Kd5 Nd8 41. Bf4 Ne6 42.
Be3 Nbc7+ 43. Kc6 a6 44. Ncd6+ Bxd6 45. Nxd6+ Ke7 46. h6 1-0

[Event "*** SCC Grand Prix: Titled Tuesday Blitz"]
[Site "Chess.com"]
[Date "2020.07.14"]
[Round "4"]
[White "r31415"]
[Black "kasparicy"]
[Result "0-1"]
[WhiteElo "2434"]
[BlackElo "2306"]
[TimeControl "180+1"]
[EndTime "10:39:48 PDT"]
[Termination "kasparicy won on time"]

1. d4 Nf6 2. c4 g6 3. Nc3 d5 4.
Nf3 Bg7 5. Qb3 dxc4 6. Qxc4 O-O 7. e4 a6 8. Be2 b5 9. Qb3 c5 10. dxc5 Bb7 11. a4 Nbd7 12. Be3 Nxe4 13. Nxe4 Bxe4 14. axb5 axb5 15. O-O Qc7 16. Qxb5 Rab8 17. Qc4 Rxb2 18. Qxe4 Rxe2 19. Rac1 Nf6 20. Qc4 Rb2 21. Rfd1 e6 22. Bd4 Rb7 23. c6 Rbb8 24. Be5 Qc8 25. Bxb8 Qxb8 26.
c7 Qc8 27. Rd6 Nd5 28. Nd4 Be5 29. Rc6 Bxc7 30. Rxc7 Nxc7 31. Nb5 Nxb5 32. Qxc8 Rxc8 33. Rxc8+ Kg7 34. Kf1 Nd6 35. Rc6 Ne8 36. Ke2 h5 37. Ke3 Nf6 38. f3 Nd5+ 39. Ke4 Kf6 40. Ra6 Ne7 41. Ra7 Nd5 42. Rb7 Ne7 43. Kd4 Nd5 44. Kc5 Nf4 0-1

[Event "*** SCC Grand Prix: Titled Tuesday Blitz"]
[Site "Chess.com"]
[Date "2020.07.14"]
[Round "4"]
[White "PSvidler"]
[Black "KazakhFighter04"]
[Result "1-0"]
[WhiteElo "2985"]
[BlackElo "2740"]
[TimeControl "180+1"]
[EndTime "10:39:49 PDT"]
[Termination "PSvidler won by resignation"]

1. e4 c5 2. Nf3 Nc6 3. Bb5 e6 4. O-O Nge7 5. Re1 a6 6. Bf1 Nd4 7. c3 Nxf3+ 8. Qxf3 Nc6 9. Qg3 h5 10. Na3 h4 11. Qe3 Be7 12. d4 cxd4 13. cxd4 d5 14.
e5 Bd7 15. Nc2 Rc8 16. Bd3 Qb6 17. Bd2 Na5 18. b3 Bb5 19. Rac1 Bxd3 20. Qxd3 Nc6 21.
Ne3 Kd7 22. Nxd5 exd5 23. Qf5+ Kc7 24. Qxf7 Kb8 25. Rxc6 Rxc6 26. Qxe7 Qxd4 27. Be3 Qc3 28. Rf1 d4 29. Bf4 Ka8 30. Qxg7 Re8 31. h3 d3 32. Qd7 Rcc8 33. e6 Qc6 34. Qxd3 Qxe6 35. Be3 Rg8 36. Qd4 b6 37. Qxh4 Rg7 38. Rd1 Rcg8 39. Rd8+ Kb7 40. Rxg8 Rxg8 41. Qh7+ Kc6 42. Qa7 Kb5 43. a4+ Kb4 44.
Qxa6 Kxb3 45. Qb5+ Kc2 46. Qxb6 Qd5 47. Qc5+ Qxc5 48.
Bxc5 Kb3 49. a5 Kc4 50. Bb6 Kd5 51. g4 Ke4 52. Kg2 Rf8 53. a6 1-0

[Event "*** SCC Grand Prix: Titled Tuesday Blitz"]
[Site "Chess.com"]
[Date "2020.07.14"]
[Round "4"]
[White "GregShahade"]
[Black "Indianlad"]
[Result "0-1"]
[WhiteElo "2723"]
[BlackElo "2951"]
[TimeControl "180+1"]
[EndTime "10:39:49 PDT"]
[Termination "Indianlad won by resignation"]

1. e4 e5 2. Nf3 Nc6 3. Bb5 a6 4. Ba4 f5 5. d3 fxe4 6. dxe4 Nf6 7. O-O d6 8. a3 Be7 9. Nc3 O-O 10. Qd3 Kh8 11. Bb3 Bg4 12. Ng5 Qe8 13. Ne6 Bxe6 14. Bxe6 Nd4 15. Ba2 Qh5 16. f3 c6 17. Be3 Nb5 18. Ne2 Qg6 19. Ng3 d5 20. Nf5 Rfe8 21. a4 Nd6 22. Nxe7 Rxe7 23. exd5 Qxd3 24. cxd3 cxd5 25. Bc5 Rd7 26. Rfe1 Nf7 27. g4 h6 28. Rac1 g5 29. h3 Kg7 30. b4 Re8 31. Kg2 Nh8 32.
Be3 Ng6 33. Rc5 e4 34. fxe4 dxe4 35. d4 Nf4+ 36. Kg3 Nd3 37. Rf1 Nxc5 38. bxc5 Nd5 39. Bxd5 Rxd5 40. h4 Rf8 41. Rb1 Rf3+ 42. Kg2 Rxe3 43.
Rxb7+ Kf8 44. c6 Rd8 45. c7 Re8 46. d5 Re2+ 47. Kf1 Rc2 48. d6 e3 49. d7 e2+ 50.
Ke1 Rc1+ 51. Kf2 e1=Q+ 0-1

[Event "*** SCC Grand Prix: Titled Tuesday Blitz"]
[Site "Chess.com"]
[Date "2020.07.14"]
[Round "4"]
[White "Mbneu"]
[Black "1f3_2g41-0"]
[Result "0-1"]
[WhiteElo "2211"]
[BlackElo "2406"]
[TimeControl "180+1"]
[EndTime "10:39:49 PDT"]
[Termination "1f3_2g41-0 won on time"]

1. d4 Nf6 2. c4 g6 3. Nc3 d5 4. cxd5 Nxd5 5. g4 Nxc3 6. bxc3 Bxg4 7. Bh3 Qd5 8. f3 Bxh3 9. Nxh3 Bg7 10. Nf4 Qa5 11. Bd2 O-O 12. h4 e5 13. Nd3 exd4 14.
cxd4 Qd5 15. h5 Qxd4 16. Rc1 Nc6 17. Bc3 Qe3 18. Bxg7 Kxg7 19. Qc2 Nd4 20. Qb2 Kg8 21.
Kf1 Rfe8 22. hxg6 hxg6 23. Rxc7 Qxe2+ 24. Qxe2 Nxe2 25. Kf2 Nd4 26. Rxb7 Re2+ 27. Kg3 Nf5+ 28. Kf4 Rd8 29. Nc5 Rxa2 30. Ne4 Kg7 31. Ng5 Ra4+ 32.
Ne4 Nd6 33. Re7 Nxe4 34. fxe4 Rd2 35. Rb1 Rf2+ 36. Ke3 Rf6 37. Rbb7 Ra3+ 38. Kd4 a6 39. e5 Rf4+ 40. Kd5 Ra5+ 41. Kc6 Rc4+ 42. Kb6 Rb5+ 43. Kxa6 Rxb7 44. Kxb7 Re4 45. Kc6 g5 46. Kd5 Re1 47.
Rb7 Kg6 48. Rb2 g4 49. Rf2 g3 50. Rf6+ Kg7 51. Rf3 Rg1 52. Ke4 g2 53. Rg3+ Kf8 54.
Kf3 Ke7 0-1

[Event "*** SCC Grand Prix: Titled Tuesday Blitz"]
[Site "Chess.com"]
[Date "2020.07.14"]
[Round "4"]
[White "themind1hunter"]
[Black "FatUpss"]
[Result "0-1"]
[WhiteElo "2499"]
[BlackElo "2757"]
[TimeControl "180+1"]
[EndTime "10:39:50 PDT"]
[Termination "FatUpss won by resignation"]

1. e4 c5 2. Nf3 d6 3. d4 cxd4 4. Nxd4 Nf6 5. Nc3 g6 6. Be3 Bg7 7. f3 Nc6 8. Qd2 Bd7 9. O-O-O Rc8 10. Kb1 h5 11. Nd5 Nxd5 12. exd5 Ne5 13. f4 Ng4 14.
Bg1 a6 15. Bd3 Qb6 16. c3 Qa5 17. f5 Bh6 18. Qe2 Ne5 19. fxg6 fxg6 20. Nf3 Nxd3 21. Rxd3 Bf5 22. Bd4 Qxd5 23. Nh4 Qe4 24. Qxe4 Bxe4 25. Bxh8 Bxd3+ 26. Ka1 Kd7 27. Bd4 Rf8 28. Nf3 Be4 29.
Rf1 Rf5 30. b3 g5 31. Be3 Bg7 32. Kb2 g4 33. Nd2 Rxf1 34. Nxf1 Bxg2 35. Ng3 h4 36. Nf5 Bf6 37. Bf2 g3 38. hxg3 h3 39. Bg1 Be5 40. Nh4 Bxg3 41. Nxg2 hxg2 42. Kc2 e5 43. Kd3 d5 44. Ke3 e4 45. c4 Ke6 46. cxd5+ Kxd5 47. Ke2 Be5 48. Kf2 Bd4+ 49. Kxg2 Bxg1 50. Kxg1 Kd4 51. Kf2 Kd3 0-1

[Event "*** SCC Grand Prix: Titled Tuesday Blitz"]
[Site "Chess.com"]
[Date "2020.07.14"]
[Round "4"]
[White "PotapovaM"]
[Black "Korchmar_Vasiliy"]
[Result "1-0"]
[WhiteElo "2498"]
[BlackElo "2675"]
[TimeControl "180+1"]
[EndTime "10:39:50 PDT"]
[Termination "PotapovaM won on time"]

1. d4 Nf6 2. c4 e6 3. Nf3 d6 4. Nc3 g6 5. g3 Bg7 6. Bg2 O-O 7. O-O Nc6 8. b3 e5 9. dxe5 dxe5 10.
Ba3 Re8 11. Qxd8 Nxd8 12. Rad1 c6 13. Ng5 Bf5 14. Nge4 Nxe4 15. Nxe4 Bxe4 16. Bxe4 Ne6 17. Rd7 Rab8 18. g4 Red8 19. Rfd1 Nd4 20. Rxd8+ Rxd8 21. Kf1 Bf8 22. Bc1 f6 23. e3 Ne6 24. Rxd8 Nxd8 25. Ke2 Ne6 26. h4 Kf7 27. h5 gxh5 28. gxh5 Kg7 29. a3 Kh6 30. b4 Ng7 31. Bd2 f5 32. Bc2 Kxh5 33. a4 Kg5 34. a5 h5 35. b5 cxb5 36. cxb5 h4 37. Bb3 h3 38. Kf1 e4 39.
Bc3 Nh5 40. Bd4 Bb4 41. a6 bxa6 42. bxa6 f4 43. Bxa7 1-0

[Event "*** SCC Grand Prix: Titled Tuesday Blitz"]
[Site "Chess.com"]
[Date "2020.07.14"]
[Round "4"]
[White "atalz0"]
[Black "Vesper2018"]
[Result "0-1"]
[WhiteElo "2390"]
[BlackElo "2583"]
[TimeControl "180+1"]
[EndTime "10:39:50 PDT"]
[Termination "Vesper2018 won on time"]

1. d4 Nf6 2. c4 g6 3. f3 Bg7 4. e4 d6 5. Nc3 O-O 6. Be3 c5 7.
dxc5 dxc5 8. Qxd8 Rxd8 9. Bxc5 Nc6 10. Nge2 b6 11. Ba3 e6 12. Rd1 Bb7 13. Nc1 a5 14. Be2 Nb4 15. O-O Nd7 16. Nb5 Nc5 17. b3 Nc2 18.
Bxc5 bxc5 19. Rxd8+ Rxd8 20. Rd1 Nd4 21. Nxd4 Bxd4+ 22. Kf1 f5 23. Bd3 Ra8 24. Ne2 Kf7 25. Bc2 Rd8 26.
Nxd4 cxd4 27. Ke2 Kf6 28. Kd3 fxe4+ 29. fxe4 Ke5 30. Rf1 Bxe4+ 31. Kd2 d3 32. Bd1 Bxg2 33. Rf7 Be4 34. Rxh7 Rf8 35. Ra7 Rf2+ 36. Ke3 Rxa2 37. b4 Bf5 38. Rxa5+ Rxa5 39. bxa5 Kd6 40. a6 Kc7 41. Bf3 Kb6 42. Bb7 e5 43. c5+ Ka7 44. c6 Kb6 45. h4 e4 46. c7 Kxc7 0-1